 Dungeon Crawl Stone Soup version 0.28-a0-1429-gf3d713df7a (webtiles) character file.

Game seed: 18408198574214201149

80151 porpoise the Fighter (level 15, -5/120 HPs)
             Began as a Demonspawn Brigand on Jan 9, 2022.
             Was the Champion of Nemelex Xobeh.
             Killed by vampiric draining
             ... invoked by a vampire knight
              (22 damage)
             ... while paralysed by a vampire knight
             ... on level 15 of the Dungeon.
             The game lasted 02:33:21 (34004 turns).

porpoise the Fighter (Demonspawn Brigand)          Turns: 34004, Time: 02:33:22

Health: -5/120     AC: 25    Str: 17 (18) XL:     15   Next: 23%
Magic:  24/24      EV:  2    Int: 12      God:    Nemelex Xobeh [******]
Gold:   1124       SH:  0    Dex: 21 (22) Spells: 22/24 levels left

rFire   . . .      SeeInvis +   v - +4 short sword (freeze)
rCold   . . .      Faith    +   (no shield)
rNeg    . . .      Spirit   .   M - +2 leather armour {Will+}
rPois   .          Reflect  .   r - +1 helmet
rElec   .          Harm     .   t - +1 cloak
rCorr   .          Rampage  .   L - +0 pair of gloves
Will    ++...                   I - +0 pair of boots
Stlth   ++++++++..              P - amulet of faith
HPRegen 0.30/turn               Z - ring of see invisible
MPRegen 0.19/turn               k - ring of the Tortoise {AC+8}

@: paralysed, studying Short Blades
A: thin skeletal structure 3, icemail 1, powered by death 2, condensation
shield, demonic touch 2, deterioration 1
a: Renounce Religion, Draw Escape, Draw Destruction, Draw Summoning, Triple
Draw, Deal Four, Stack Five


You were on level 15 of the Dungeon.
You worshipped Nemelex Xobeh.
Nemelex Xobeh was exalted by your worship.
You visited 2 branches of the dungeon, and saw 20 of its levels.
You also visited: Ossuary and Gauntlet.

You collected 1304 gold pieces.
You spent 180 gold pieces at shops.

Inventory:

Hand Weapons
 a - the +10 rapier "Cosoath" {elec, Fragile rPois Int+3}
   (You found it on level 15 of the Dungeon)

   It occasionally discharges a powerful burst of electricity upon striking a
   foe.
   Int:       It affects your intelligence (+3).
   rPois:     It protects you from poison.
   Fragile:   It will be destroyed if unequipped.
 b - the +7 hunting sling of Cudeo {flame, rElec rN+}
   (You found it in a Gauntlet)

   Any ammunition fired from it burns those it strikes, dealing additional fire
   damage.
   rElec:     It insulates you from electricity.
   rN:        It protects you from negative energy.
 u - a +0 hand crossbow of freezing
 v - a +4 short sword of freezing (weapon)
 w - a +4 scimitar of flaming
Missiles
 m - 51 sling bullets
 y - 5 curare-tipped darts
Armour
 r - a +1 helmet (worn)
 t - a +1 cloak (worn)
 I - a +0 pair of boots (worn)
 L - a +0 pair of gloves (worn)
 M - a +2 leather armour of willpower (worn)
Jewellery
 c - a ring of protection from cold
 f - a ring of protection from fire
 k - the ring of the Tortoise (right hand) {AC+8}
   (You found it in a Gauntlet)

   [ring of protection]

   AC:        It affects your AC (+8).
 p - a ring of poison resistance
 P - an amulet of faith (around neck)
 Z - a ring of see invisible (left hand)
Wands
 x - a wand of flame (14)
 B - a wand of polymorph (13)
 D - a wand of acid (3)
 F - a wand of mindburst (17)
 N - a wand of digging (18)
 Q - a wand of iceblast (13)
 T - a wand of charming (8)
 X - a wand of paralysis (4)
Scrolls
 d - a scroll of identify
 s - 2 scrolls of fear
 C - 2 scrolls of magic mapping
 R - a scroll of blinking
 V - 6 scrolls of teleportation
Potions
 e - 3 potions of heal wounds
 g - 4 potions of might
 h - 9 potions of curing
 i - 2 potions of invisibility
 j - 5 potions of haste
 l - 5 potions of ambrosia
 n - 6 potions of attraction
 o - a potion of brilliance
 q - a potion of flight
 H - 2 potions of magic
 J - 2 potions of cancellation
 O - 5 potions of lignification


   Skills:
 - Level 12.0 Fighting
 * Level 8.3(9.1) Short Blades
 - Level 5.9(8.0) Long Blades
 - Level 4.7(5.0) Slings
 - Level 1.7(3.5) Throwing
 - Level 7.0 Armour
 - Level 7.0 Dodging
 * Level 11.9 Stealth
 - Level 4.0 Shields
 - Level 5.0 Spellcasting
 - Level 7.0 Transmutations
 - Level 12.0 Invocations
 + Level 7.8 Evocations


You had 22 spell levels left.
You knew the following spells:

 Your Spells              Type           Power      Damage    Failure   Level
w - Wereblood             Tmut           19%        N/A       1%          2

Your spell library contained the following spells:

 Spells                   Type           Power      Damage    Failure   Level
 Beastly Appendage        Tmut           38%        N/A       1%          1
 Sting                    Tmut/Pois      44%        1d5       5%          1
 Spider Form              Tmut/Pois      11%        N/A       17%         3
 Magic Dart               Conj           12%        1d3       24%         1
 Shock                    Conj/Air       12%        1d3       24%         1
 Call Imp                 Summ           3%         N/A       34%         2
 Poisonous Vapours        Pois/Air       6%         N/A       34%         2
 Scorch                   Fire           6%         2d5       34%         2
 Static Discharge         Conj/Air       3%         N/A       34%         2
 Mephitic Cloud           Conj/Pois/Air  3%         N/A       56%         3
 Swiftness                Air            3%         N/A       56%         3
 Airstrike                Air            1%         N/A       93%         4
 Flame Wave               Conj/Fire      3%         2d4       93%         4
 Olgreb's Toxic Radiance  Pois           3%         N/A       93%         4
 Lightning Bolt           Conj/Air       1%         1d12      100%        5
 Metabolic Englaciation   Hex/Ice        1%         N/A       100%        5
 Eringya's Noxious Bog    Tmut/Pois      5%         N/A       100%        6
 Summon Cactus Giant      Summ           1%         N/A       100%        6
 Maxwell's Capacitive Co  Air            1%         ∞         100%        8


Dungeon Overview and Level Annotations

Branches:
Dungeon (15/15) Temple (0/1) D:4 Lair (5/6) D:9 Shoals (0/4) Lair:2 Spider (0/4) Lair:2 Orc (0/2) D:9 Vaults (0/5) D:12 D:13 Depths (0/4) D:15 Ossuary (visited) Gauntlet (visited) Slime: Lair:5-6

Altars:
Ashenzari
Cheibriados
Dithmenos
Gozag
Hepliaklqana
Nemelex Xobeh
Qazlal
Trog
Wu Jian
Yredelemnul
The Shining One

Shops:
D:1 =

Annotations:
D:3 2 transporters, bronco's ghost, amateur OpVM


Innate Abilities, Weirdness & Mutations

You have an unnaturally thin skeletal structure. (Dex +6, Stealth+++)
A meltable icy envelope protects you from harm. (AC +4)
You regenerate health from kills.
A meltable shield of frost defends you. (SH +4)
Your touch may inflict irresistible damage on your foes.
Your body sometimes deteriorates upon taking damage.


Message History

Your centaur warrior dies!
Your centaur warrior's corpse disappears in a puff of smoke!
The vampire knight closely misses you.
Blink to where?
Press: ? - help, Dir - move target, p - vampire knight
As you read the scroll of blinking, it crumbles to dust.
Aiming: Corrosive Bolt
Press: ? - help, Shift-Dir - straight line, f - vampire knight
Aim: a vampire knight, wielding a +3 war axe and wearing a +0 plate armour (severely damaged, fast, slightly transparent, covered in acid, 84% to hit)
Okay, then.
Unknown command.
That's the wrong kind of item! (Use * to select it.) Evoke which item? (* to show all) (? for menu, Esc to quit)
Okay, then.
Unknown command.
Aiming: Iceblast
Press: ? - help, Shift-Dir - straight line, f - vampire knight
Aim: a vampire knight, wielding a +3 war axe and wearing a +0 plate armour (severely damaged, fast, slightly transparent, covered in acid)
The mass of ice explodes!
The iceblast engulfs the vampire knight but does no damage.
The vampire knight is severely damaged.
Aiming: Iceblast
Press: ? - help, Shift-Dir - straight line, f/p - vampire knight
Aim: a vampire knight, wielding a +3 war axe and wearing a +0 plate armour (severely damaged, fast, slightly transparent, covered in acid)
The mass of ice explodes!
The iceblast engulfs the vampire knight.
The vampire knight is severely damaged.
Okay, then.
Unknown command.
Okay, then.
Unknown command.
Aiming: Mindburst
Press: ? - help, Shift-Dir - straight line, f/p - vampire knight
Aim: a vampire knight, wielding a +3 war axe and wearing a +0 plate armour (severely damaged, fast, slightly transparent, covered in acid, chance to affect: 41%)
The vampire knight resists with some effort.
The vampire knight gestures at you while chanting.
You suddenly lose the ability to move!
The vampire knight draws life force from you!!
You die...
Your body glows with a rainbow of weird colours and disappears.

## ### #.# ############# #.#
#####..###≈#§#≈#≈#§#§##
..###.#....##≈≈≈§§≈≈≈≈≈≈§≈##
...........##≈§?§$)[[(§§.)§##
#...#...<..##≈=..§W...W.†[≈§#
..#...#..<.##§..#V##..##))≈##
#...#...<..##≈$.@.##.###.(≈≈#
...........##≈!.###§..#..?≈##
#############≈$.##.....h.[§≈#
############≈##.......##.(≈##
...##≈≈≈≈≈≈§###+.....###†$§≈#
#..##§.?$[$$##.#+...## ...≈##
##.##§(..#...+#.#'..# .#..≈≈#
#..##§§..#.(..+#.#+......$≈##
...##§.##).....'#.##(..(§$§≈


You could see a vampire knight (fast, invisible, corroded) and a phantasmal
warrior.

Vanquished Creatures
  Rupert (D:14)
  Azrael (D:13)
  A minotaur (Lair:4)
  An ettin (Lair:1)
  Fannar (Lair:3)
  5 hydras
  2 ogre magi (D:15)
  Harold (D:8)
  5 boulder beetles
  4 centaur warriors
  2 tengu warriors (D:13)
  3 two-headed ogres
  8 death yaks
  A thrashing horror (Gauntlet)
  A sixfirhy (Gauntlet)
  A skeletal warrior (D:13)
  A wizard (D:15)
  A swamp dragon (shapeshifter) (D:15)
  A glowing orange brain (D:14)
  4 orc knights (D:15)
  A phantasmal warrior (D:13)
  2 harpies (D:15)
  3 deep elf pyromancers (D:15)
  An oklob plant (Lair:4)
  A mana viper (shapeshifter) (D:15)
  A salamander (shapeshifter) (D:15)
  A salamander (Lair:4)
  3 ugly things
  An orc sorcerer (D:15)
  5 manticores
  7 cyclopes
  An elephant (D:9)
  A torpor snail (Lair:5)
  A black mamba (Lair:5)
  4 freezing wraiths
  An unseen horror (D:13)
  3 rime drakes
  8 cane toads
  3 yaktaurs (D:15)
  A cane toad (shapeshifter) (D:15)
  A kobold demonologist (D:13)
  3 efreet
  4 komodo dragons
  A queen bee (shapeshifter) (D:14)
  A tengu conjurer (D:10)
  3 trolls
  A queen bee (D:15)
  A tarantella (D:11)
  4 hornets
  6 blink frogs
  2 jumping spiders (Lair:2)
  12 slime creatures
  2 centaur simulacra (D:15)
  8 wyverns
  29 yaks
  2 shadows
  A vampire (D:13)
  2 humans
  3 wraiths
  Eustachio (D:4)
  A fire elemental (D:13)
  2 steam dragons
  2 redbacks (Lair:2)
  7 basilisks
  Menkaure (D:5)
  7 vampire mosquitoes
  2 wargs
  A naga (D:13)
  12 water moccasins
  8 orc warriors
  4 swamp drakes
  An ice beast (D:6)
  2 black bears
  2 boggarts
  2 ogres (D:3)
  16 wolves
  4 centaurs
  2 phantoms
  Blork the orc (D:5)
  3 kobold brigands
  11 bullfrogs
  3 scorpions
  A water moccasin zombie (Ossuary)
  2 small abominations (Gauntlet)
  A water moccasin skeleton (D:7)
  4 wights (D:8)
  8 killer bees
  6 howler monkeys
  7 electric eels
  A bullfrog zombie (D:5)
  2 centaur zombies
  4 lava snakes (Lair:3)
  A centaur skeleton (D:7)
  A jelly (D:7)
  4 orc priests
  2 hounds
  2 iron imps
  4 iguanas
  Natasha (thrice) (D:4)
  5 orc wizards
  A killer bee zombie (D:8)
  A hound zombie (D:5)
  2 mummies (Ossuary)
  3 howler monkey zombies
  Robin (D:3)
  A howler monkey skeleton (D:7)
  9 adders
  16 gnolls
  3 river rats
  4 shadow imps
  2 white imps
  4 ufetubi
  4 adder zombies (Ossuary)
  3 worms (D:2)
  32 orcs
  6 ball pythons
  6 endoplasms
  5 giant cockroaches
  7 gnoll zombies (Ossuary)
  12 goblins
  10 hobgoblins
  7 jackals
  11 kobolds
  5 quokkas
  4 bats
  4 frilled lizards
  10 hobgoblin zombies (Ossuary)
  5 kobold zombies (Ossuary)
  4 orc zombies (Ossuary)
  3 rats
518 creatures vanquished.

Vanquished Creatures (collateral kills)
  An emperor scorpion (Gauntlet)
  A death knight (D:13)
  A hydra (Lair:3)
  A death yak (Lair:2)
  A thrashing horror (Gauntlet)
  A skeletal warrior (D:11)
  2 fire crabs
  A deep elf pyromancer (D:11)
  A phantasmal warrior (D:13)
  A harpy (D:15)
  An elephant (Lair:4)
  2 cyclopes
  A gargoyle (D:13)
  A yaktaur (Lair:4)
  A freezing wraith (D:13)
  2 trolls
  3 slime creatures (D:15)
  A wyvern (Lair:5)
  3 fire elementals (D:13)
  A vampire mosquito (D:12)
  A naga (D:14)
  2 hell hounds (D:13)
  An acid dragon (D:13)
  4 wolves (Lair:5)
  2 centaurs
  A small abomination (Gauntlet)
  A bullfrog (Lair:4)
  A crimson imp (D:11)
  A jelly (Lair:4)
  An orc wizard (D:11)
  2 orcs (D:11)
44 creatures vanquished.

Vanquished Creatures (others)
  A centaur warrior (D:15)
  A cane toad (Lair:4)
  An orc wizard (D:11)
  28 fungi
  29 plants
60 creatures vanquished.

Grand Total: 622 creatures vanquished

Notes
Turn   | Place    | Note
-------+----------+-------------------------------------------
     0 | D:1      | porpoise the Demonspawn Brigand began the quest for the
                  | Orb.
     0 | D:1      | Reached XP level 1. HP: 16/16 MP: 1/1
   520 | D:1      | Found Ytuanyloe's Jewellery Shop.
   535 | D:1      | Gained mutation: You have a somewhat thin skeletal
                  | structure. (Dex +2, Stealth+) [demonic ancestry]
   535 | D:1      | Reached XP level 2. HP: 22/22 MP: 2/2
  1225 | D:1      | Found a faded altar of an unknown god.
  1386 | D:2      | Gained mutation: You regenerate a little health from kills.
                  | [demonic ancestry]
  1386 | D:2      | Reached XP level 3. HP: 13/28 MP: 3/3
  1654 | D:2      | HP: 1/28 [gnoll (3)]
  2332 | D:2      | Gained mutation: Your touch may inflict minor irresistible
                  | damage on your foes. [demonic ancestry]
  2332 | D:2      | Reached XP level 4. HP: 35/35 MP: 4/4
  3126 | D:3      | Found the +4 dagger "Morg" {pain, Will+ Int+5}
  3132 | D:3      | Noticed Robin
  3161 | D:3      | Killed Robin
  3207 | D:3      | Found a sparkling altar of Nemelex Xobeh.
  3234 | D:3      | Became a worshipper of Nemelex Xobeh the Trickster
  3387 | D:3      | Noticed an ogre
  3396 | D:3      | Killed an ogre
  3397 | D:3      | Gained mutation: You regenerate health from kills. [demonic
                  | ancestry]
  3397 | D:3      | Reached XP level 5. HP: 42/42 MP: 5/5
  3434 | D:3      | Found a transporter.
  3438 | D:3      | Found a transporter.
  3439 | D:3      | Noticed bronco's ghost (amateur OpVM)
  3711 | D:3      | Noticed an ogre
  3713 | D:3      | Killed an ogre
  3714 | D:3      | Gained mutation: A meltable shield of frost defends you.
                  | (SH +4) [demonic ancestry]
  3714 | D:3      | Reached XP level 6. HP: 49/49 MP: 6/6
  3880 | D:3      | Found a snail-covered altar of Cheibriados.
  4215 | D:4      | Reached * piety under Nemelex Xobeh
  4314 | D:4      | Reached skill level 1 in Invocations
  4352 | D:4      | Found a staircase to the Ecumenical Temple.
  4376 | D:4      | Noticed Natasha
  4389 | D:4      | Killed Natasha
  4536 | D:4      | Received a gift from Nemelex Xobeh
  4542 | D:4      | Noticed Eustachio
  4585 | D:4      | Killed Eustachio
  4586 | D:4      | Reached skill level 5 in Fighting
  4586 | D:4      | Gained mutation: Your touch may inflict irresistible damage
                  | on your foes. [demonic ancestry]
  4586 | D:4      | Reached XP level 7. HP: 45/56 MP: 7/9
  4848 | D:4      | Found a stormy altar of Qazlal.
  5040 | D:4      | Found a bloodstained altar of Trog.
  5217 | D:4      | Reached ** piety under Nemelex Xobeh
  5548 | D:4      | Noticed Natasha
  5556 | D:4      | Killed Natasha
  5557 | D:4      | Reached skill level 5 in Stealth
  5653 | D:4      | Noticed Natasha
  5661 | D:4      | Killed Natasha
  5685 | D:5      | Entered Level 5 of the Dungeon
  5751 | D:5      | Reached skill level 1 in Evocations
  5816 | D:5      | Noticed Blork the orc
  5830 | D:5      | Killed Blork the orc
  6036 | D:5      | Noticed Menkaure
  6043 | D:5      | Killed Menkaure
  6044 | D:5      | Reached skill level 5 in Invocations
  6423 | D:5      | Gained mutation: You have a moderately thin skeletal
                  | structure. (Dex +4, Stealth++) [demonic ancestry]
  6423 | D:5      | Reached XP level 8. HP: 64/64 MP: 11/11
  6712 | D:5      | Found a hazy altar of Hepliaklqana.
  6856 | D:5      | Received a gift from Nemelex Xobeh
  6871 | D:5      | Reached skill level 1 in Armour
  7331 | D:6      | Found a broken altar of Ashenzari.
  7541 | D:6      | Reached *** piety under Nemelex Xobeh
  7778 | D:6      | Received a gift from Nemelex Xobeh
  8762 | D:7      | Found an opulent altar of Gozag.
  8878 | D:7      | Gained mutation: A meltable icy envelope protects you from
                  | harm. (AC +4) [demonic ancestry]
  8878 | D:7      | Reached XP level 9. HP: 73/73 MP: 12/12
  8882 | D:7      | Received a gift from Nemelex Xobeh
  9567 | D:7      | Learned a level 2 spell: Wereblood
  9649 | D:7      | Reached **** piety under Nemelex Xobeh
  9912 | D:8      | Reached skill level 5 in Armour
  9936 | D:8      | Reached skill level 1 in Dodging
  9943 | D:8      | Noticed Harold
  9965 | D:8      | Killed Harold
  9966 | D:8      | Reached skill level 5 in Evocations
 10235 | D:8      | Found a sand-covered staircase.
 10254 | Ossuary  | Entered an ossuary
 10360 | Ossuary  | Reached skill level 1 in Spellcasting
 11094 | D:8      | Reached XP level 10. HP: 68/79 MP: 13/13
 11201 | D:8      | Received a gift from Nemelex Xobeh
 11402 | D:9      | Noticed an elephant
 11543 | D:9      | Killed an elephant
 11624 | D:9      | Found a staircase to the Lair.
 11781 | D:9      | Received a gift from Nemelex Xobeh
 12050 | D:9      | Noticed a seven-headed hydra
 12059 | D:9      | Killed a seven-headed hydra
 12060 | D:9      | Reached skill level 5 in Dodging
 12127 | D:9      | Received a gift from Nemelex Xobeh
 12290 | D:9      | Reached ***** piety under Nemelex Xobeh
 12315 | D:9      | Reached skill level 1 in Shields
 12432 | D:9      | Received a gift from Nemelex Xobeh
 12760 | D:9      | Found a staircase to the Orcish Mines.
 12768 | D:9      | Reached skill level 1 in Transmutations
 13204 | D:10     | Entered Level 10 of the Dungeon
 13266 | D:10     | Received a gift from Nemelex Xobeh
 13616 | D:10     | Found a basalt altar of Yredelemnul.
 13971 | D:10     | Received a gift from Nemelex Xobeh
 14723 | D:11     | Noticed a deep elf zephyrmancer
 14729 | D:11     | a deep elf zephyrmancer changed into a tarantella
 14736 | D:11     | Gained mutation: You have an unnaturally thin skeletal
                  | structure. (Dex +6, Stealth+++) [demonic ancestry]
 14736 | D:11     | Reached XP level 11. HP: 37/89 MP: 15/15
 14892 | D:11     | Noticed a two-headed ogre
 14901 | D:11     | Killed a two-headed ogre
 15046 | D:11     | Identified the +2 hat of Beogh's Fury {Harm rN++ Will-
                  | Dex+2}
 15052 | D:11     | Noticed a deep elf pyromancer
 15059 | D:11     | Killed a deep elf pyromancer
 15109 | D:11     | Noticed a skeletal warrior
 15113 | D:11     | Noticed a skeletal warrior
 15155 | D:11     | Killed a skeletal warrior
 15474 | Lair:1   | Entered Level 1 of the Lair of Beasts
 15561 | Lair:1   | Received a gift from Nemelex Xobeh
 15866 | Lair:1   | Received a gift from Nemelex Xobeh
 15871 | Lair:1   | Noticed a six-headed hydra
 15878 | Lair:1   | Killed a six-headed hydra
 15879 | Lair:1   | Reached skill level 5 in Short Blades
 16623 | Lair:1   | Received a gift from Nemelex Xobeh
 16627 | Lair:1   | Noticed an eight-headed hydra
 16631 | Lair:1   | Noticed an ettin
 16631 | Lair:1   | an eight-headed hydra changed into an ettin
 16633 | Lair:1   | Killed an ettin
 17060 | Lair:2   | Found a gate leading to a gauntlet.
 17070 | Gauntlet | Entered a Gauntlet
 17070 | Gauntlet | Found the +2 hood of the Assassin {Detection Stab+ Stlth++}
 17070 | Gauntlet | Found a transporter.
 17070 | Gauntlet | Found a transporter.
 17071 | Gauntlet | Found a transporter.
 17075 | Gauntlet | Found a transporter.
 17075 | Gauntlet | Found a transporter.
 17077 | Gauntlet | Noticed a sixfirhy
 17084 | Gauntlet | Found a transporter.
 17085 | Gauntlet | Found a transporter.
 17086 | Gauntlet | Found a transporter.
 17088 | Gauntlet | Found a transporter.
 17088 | Gauntlet | Noticed a thrashing horror
 17092 | Gauntlet | Noticed a thrashing horror
 17094 | Gauntlet | Found a transporter.
 17094 | Gauntlet | Found a transporter.
 17094 | Gauntlet | Found the ring of the Tortoise {AC+8}
 17148 | Gauntlet | Found a transporter.
 17316 | Gauntlet | Paralysed by a hornet for 2 turns
 17590 | Gauntlet | Killed a sixfirhy
 17822 | Gauntlet | Identified the +0 quarterstaff "Ceadwaji" {freeze, +Blink
                  | rF+ Stlth+}
 17848 | Gauntlet | Killed a thrashing horror
 17861 | Gauntlet | Killed a thrashing horror
 17862 | Gauntlet | Reached skill level 5 in Transmutations
 17862 | Gauntlet | Reached XP level 12. HP: 79/95 MP: 16/16
 17877 | Gauntlet | Noticed a minotaur
 17884 | Gauntlet | Noticed an emperor scorpion
 17884 | Gauntlet | a minotaur changed into an emperor scorpion
 17898 | Gauntlet | Killed an emperor scorpion
 17917 | Gauntlet | Identified the +7 hunting sling of Cudeo {flame, rElec rN+}
 18105 | Lair:2   | Found a staircase to the Shoals.
 18183 | Lair:2   | Received a gift from Nemelex Xobeh
 18802 | Lair:2   | Received a gift from Nemelex Xobeh
 18820 | Lair:2   | Found a hole to the Spider Nest.
 19404 | Lair:3   | Noticed a death yak
 19404 | Lair:3   | Noticed a death yak
 19404 | Lair:3   | Noticed a death yak
 19404 | Lair:3   | Noticed a death yak
 19412 | Lair:2   | Killed a death yak
 19483 | Lair:3   | Received a gift from Nemelex Xobeh
 19507 | Lair:3   | Killed a death yak
 19513 | Lair:3   | Killed a death yak
 19517 | Lair:3   | Killed a death yak
 19655 | Lair:3   | Found an ornate altar of the Wu Jian Council.
 20014 | Lair:3   | Received a gift from Nemelex Xobeh
 20139 | Lair:3   | Noticed Fannar
 20146 | Lair:3   | Killed Fannar
 20702 | Lair:3   | Noticed a four-headed hydra
 20716 | Lair:3   | Killed a four-headed hydra
 20923 | Lair:3   | Received a gift from Nemelex Xobeh
 21132 | Lair:4   | Noticed a death yak
 21132 | Lair:4   | Noticed a death yak
 21132 | Lair:4   | Noticed a death yak
 21132 | Lair:4   | Noticed a death yak
 21133 | Lair:4   | Noticed a death yak
 21133 | Lair:4   | Noticed a death yak
 21134 | Lair:4   | Noticed a minotaur
 21134 | Lair:4   | a death yak changed into a minotaur
 21145 | Lair:4   | Killed a death yak
 21146 | Lair:4   | Killed a death yak
 21154 | Lair:4   | Killed a death yak
 21158 | Lair:4   | Killed a death yak
 21163 | Lair:4   | Killed a minotaur
 21164 | Lair:4   | Reached skill level 10 in Fighting
 21164 | Lair:4   | Reached XP level 13. HP: 92/103 MP: 19/19
 21485 | Lair:4   | Received a gift from Nemelex Xobeh
 21866 | Lair:4   | Identified the +8 quarterstaff of Sunlight {flame, rCorr
                  | Int-5 Dex+3}
 21890 | Lair:4   | Reached skill level 1 in Slings
 22455 | Lair:4   | Received a gift from Nemelex Xobeh
 22683 | Lair:5   | Received a gift from Nemelex Xobeh
 22867 | Lair:5   | Reached ****** piety under Nemelex Xobeh
 22878 | Lair:5   | Reached skill level 10 in Invocations
 23072 | Lair:5   | Received a gift from Nemelex Xobeh
 24067 | D:11     | Received a gift from Nemelex Xobeh
 24435 | D:11     | Received a gift from Nemelex Xobeh
 24916 | D:12     | Received a gift from Nemelex Xobeh
 25097 | D:12     | Identified the +1 trident "Vuqy" {flame, Fragile Dex+6}
 25627 | D:13     | Received a gift from Nemelex Xobeh
 25790 | D:13     | Reached XP level 14. HP: 115/115 MP: 21/23
 26204 | D:13     | Noticed Azrael
 26208 | D:13     | Identified the +1 trident of Qiysatygol {drain, rPois
                  | Will+}
 26224 | D:13     | Killed Azrael
 26661 | D:13     | You fall into a shaft and drop 2 floors!
 26661 | D:15     | Entered Level 15 of the Dungeon
 26724 | D:15     | Received a gift from Nemelex Xobeh
 27001 | D:15     | Reached skill level 1 in Long Blades
 27001 | D:15     | Reached skill level 10 in Stealth
 27308 | D:15     | Found a staircase to the Depths.
 27457 | D:14     | Found a broken altar of Ashenzari.
 27647 | D:14     | Noticed Rupert
 27661 | D:14     | Killed Rupert
 28045 | D:14     | Received a gift from Nemelex Xobeh
 28342 | D:14     | Received a gift from Nemelex Xobeh
 28688 | D:1      | Bought a ring of see invisible for 180 gold pieces
 29101 | D:13     | Noticed Nessos
 29101 | D:13     | Found a gate to the Vaults.
 29103 | D:13     | Noticed Nessos
 29103 | D:13     | Nessos changed into Nessos the swamp dragon
 29106 | D:13     | Noticed Nessos
 29106 | D:13     | Nessos the swamp dragon changed into Nessos the rime drake
 29919 | D:13     | Killed Nessos the rime drake
 30480 | D:13     | Found a shadowy altar of Dithmenos.
 30656 | D:14     | Received a gift from Nemelex Xobeh
 31205 | D:14     | Reached skill level 5 in Spellcasting
 31294 | D:14     | Received a gift from Nemelex Xobeh
 31576 | D:15     | Found a snail-covered altar of Cheibriados.
 31576 | D:15     | Found a snail-covered altar of Cheibriados.
 32184 | D:15     | Reached skill level 5 in Long Blades
 32222 | D:15     | Reached XP level 15. HP: 53/120 MP: 24/24
 32643 | D:15     | Received a gift from Nemelex Xobeh
 32885 | D:15     | Gained mutation: Your body sometimes deteriorates upon
                  | taking damage. [a neqoxec]
 33944 | D:15     | Got Niwn's Grimoire of the Venomous Oath
 33945 | D:15     | Identified the +10 rapier "Cosoath" {elec, Fragile rPois
                  | Int+3}
 33979 | D:15     | HP: 6/120 [something (10)]
 33996 | D:15     | HP: 1/120 [vampire knight/vampiric draining (14)]
 34003 | D:15     | Paralysed by a vampire knight for 2 turns
 34004 | D:15     | Killed from afar by a vampire knight

Illustrated notes

Levels and vault maps discovered:
D:1:      lightli_arrival_maybe_door_vault, layout_rooms, serial_shops, shop,
          ebering_ecumenical_altar_rust
D:2:      minmay_thinvault, layout_loops_ring, nrook_mini_vaults
D:3:      layout_basic, mainiacjoe_overflow_alcove_4, slow_altar_2,
          gammafunk_ghost_mausoleum, uniq_robin
D:4:      layout_basic, mainiacjoe_overflow_surrounded_room,
          lemuel_doored_altar, minmay_temple_entry_glassed_door, uniq_eustachio,
          uniq_natasha
D:5:      layout_gridville, mainiacjoe_overflow_six_doors_small,
          minmay_door_square, minmay_misc_feat_four_crosses, uniq_menkaure,
          uniq_blork_the_orc
D:6:      layout_layer_cave, lemuel_tele_altar
D:7:      layout_loops_ring, nicolae_gozag_seed_capital
D:8:      layout_rooms, nicolae_ossuary_entry_monument, uniq_harold
D:9:      layout_layer_cave, david_lair_generic,
          kennysheep_orc_monster_closet_entryway
D:10:     layout_basic, mainiacjoe_overflow_cross_hatched
D:11:     layout_roguey, hangedman_minor_magic
D:12:     layout_small_grid
D:13:     layout_irregular_city, david_vaults_3, st_stairs_14,
          grunt_dithmenos_shadows, uniq_azrael
D:14:     layout_basic, ashenzari_conservatory_becter, uniq_rupert
D:15:     hangedman_slaughterboxes
Lair:1:   layout_small_grid, grunt_megastairs_4, lemuel_fruit_fields
Lair:2:   layout_regular_city, elwin_shoals_entry_rocks,
          spider_nest_entry_funnel_web, gauntlet_entry_generic
Lair:3:   layout_concentric_octagons, basic_altar, nicolae_lair_liquid_snakes,
          uniq_fannar
Lair:4:   layout_cave_pods, serial_bayou_pond_a, st_stairs_10,
          bh_autumn_forest_stairs, chequers_serial_rivers_small_a,
          lemuel_fruit_tree
Lair:5:   layout_regular_city, serial_bayou_shore_a

Skill      XL: |  1  2  3  4  5  6  7  8  9 10 11 12 13 14 |
---------------+-------------------------------------------+-----
Short Blades   | 2 3 4 7 8 |  8.3
Fighting       | 3 4 5 6 7 9 10 12 | 12.0
Stealth        | 4 5 8 9 11 | 11.9
Invocations    | 2 5 9 12 | 12.0
Evocations     | 2 3 5 6 7 |  7.8
Armour         | 4 5 6 7 |  7.0
Dodging        | 3 5 6 7 |  7.0
Spellcasting   | 1 3 5 |  5.0
Shields        | 3 4 |  4.0
Transmutations | 2 5 7 |  7.0
Slings         | 3 4 |  4.7
Long Blades    | 5 |  5.9
Throwing       | |  1.7

Action                   |  1- 3 |  4- 6 |  7- 9 | 10-12 | 13-15 || total
-------------------------+-------+-------+-------+-------+-------++-------
Melee: Dagger            |    80 |   115 |   353 |    26 |     6 ||   580
       Punch             |     1 |       |     9 |     5 |    14 ||    29
       Touch             |       |    16 |    92 |    80 |   182 ||   370
       Short sword       |       |       |    15 |   372 |   714 ||  1101
 Fire: Hunting sling     |       |    22 |    76 |    87 |   194 ||   379
Throw: Dart              |    17 |     1 |     6 |       |       ||    24
 Cast: Wereblood         |       |       |       |     2 |     1 ||     3
Invok: Draw Destruction  |       |     2 |     9 |    72 |    69 ||   152
       Deal Four         |       |       |     1 |     1 |       ||     2
       Draw Summoning    |       |       |       |    14 |    24 ||    38
       Draw Stack        |       |       |       |     5 |     5 ||    10
       Stack Five        |       |       |       |     3 |       ||     3
       Draw Escape       |       |       |       |     1 |    12 ||    13
Evoke: Wand              |       |       |       |    10 |    12 ||    22
  Use: Scroll            |       |     7 |    12 |     3 |     9 ||    31
       Potion            |       |       |       |     4 |     6 ||    10
 Stab: Sleeping          |     8 |    14 |    19 |    10 |    31 ||    82
       Distracted        |       |       |       |     3 |     9 ||    12
       Petrified         |       |       |       |     5 |     1 ||     6
       Petrifying        |       |       |       |       |     1 ||     1
       Confused          |       |       |       |       |     1 ||     1
Armor: Robe              |     8 |    38 |       |       |       ||    46
       Ring mail         |       |       |   119 |   154 |       ||   273
       Leather armour    |       |       |       |    27 |   342 ||   369
Dodge: Dodged            |    32 |    83 |   145 |   211 |   497 ||   968
Block: Other             |       |     5 |    52 |    63 |    79 ||   199

Table legend: (Time is in decaauts)
 A = Elapsed time spent in this place.
 B = Non-inter-level travel time spent in this place.
 C = Inter-level travel time spent in this place.
 D = Time resting spent in this place.
 E = Time spent auto-exploring this place.
 F = Levels seen in this place.
 G = Mean time per level.
                   A        B        C        D        E       F      G
               +--------+--------+--------+--------+--------+-----+--------+
         Total |  33535 |  31532 |   2003 |  12016 |  13839 |  22 | 1524.3 |
       Dungeon |  24806 |  23127 |   1679 |   8897 |  10350 |  15 | 1653.7 |
          Lair |   7666 |   7343 |    323 |   2653 |   3359 |   5 | 1533.2 |
       Ossuary |    177 |    177 |      0 |      0 |      0 |   1 |  177.0 |
      Gauntlet |    885 |    885 |      0 |    466 |    129 |   1 |  885.0 |
               +--------+--------+--------+--------+--------+-----+--------+

Top non-repeatable levels by time:
    D:15: 3174 daAuts
    D:13: 2120 daAuts
     D:9: 1931 daAuts
     D:2: 1870 daAuts
  Lair:1: 1837 daAuts
    D:14: 1776 daAuts
     D:6: 1715 daAuts
    D:11: 1713 daAuts
  Lair:3: 1685 daAuts
     D:4: 1599 daAuts
     D:5: 1458 daAuts
  Lair:2: 1421 daAuts
  Lair:4: 1402 daAuts
    D:12: 1356 daAuts
    D:10: 1333 daAuts
